[Event "Titled Tuesday Blitz March 15 Late 2022"]
[White "Jaferian, Koosha"]
[Black "Bryakin, Mikhail"]
[WhiteFideId "12507440"]
[BlackFideId "4165314"]
[WhiteElo "2030"]
[BlackElo "2417"]
[Result "0-1"]
[Round "05"]
[TimeControl "180+1"]
[Date "2022.03.15"]
[WhiteClock "0:00:07"]
[BlackClock "0:01:47"]

1. Nf3 g6 2. b3 Bg7 3. d4 c5 4. Bb2 cxd4 5. Nxd4 Nf6 6. g3 O-O 7. Bg2 Nc6 8. c4 Nxd4 9. Bxd4 Rb8 10. O-O b6 11. Nc3 Bb7 12. Bxb7 Rxb7 13. Qd2 d6 14. Rfd1 Qc8 15. Rac1 Qh3 16. Bxf6 Bxf6 17. Nd5 Be5 18. Qe3 Qf5 19. f4 Bf6 20. Qf3 Rfb8 21. e4 Qe6 22. Nxf6+ Qxf6 23. Qd3 h5 24. Qd4 Qxd4+ 25. Rxd4 Rc7 26. Rcd1 b5 27. cxb5 Rxb5 28. Kf2 Rbc5 29. R4d2 f6 30. h3 Kf7 31. Re2 Ke6 32. Rde1 g5 33. Kf3 Rc3+ 34. Re3 Rc2 35. R1e2 Rc1 36. Re1 Rxe1 37. Rxe1 Rc3+ 38. Re3 Rc1 39. Re2 Rh1 40. Kg2 Rc1 41. Kf3 a5 42. Rb2 Rc3+ 43. Kf2 gxf4 44. gxf4 Rxh3 45. a3 Kd7 46. Rb1 h4 47. b4 a4 48. Ra1 Rb3 49. Kg2 Re3 50. Rh1 Rxa3 51. Rxh4 Rb3 52. Rh8 Rxb4 53. Kf3 Rb3+ 54. Kg4 Ke6 55. Ra8 a3 56. Ra5 Re3 57. f5+ Kd7 58. Kf4 Rb3 59. Ra4 Kc6 60. Ra7 Kc5 61. Rxe7 Kb4 62. Ra7 Kc3 63. Ra6 Kb2 64. Rxd6 a2 65. Rd2+ Ka3 66. Rxa2+ Kxa2 67. e5 Rb4+ 68. Ke3 fxe5 69. f6 Rf4 70. f7 Rxf7 71. Ke4 Re7 0-1


[Site "https://www.chess.com"]

[Event "Titled Tuesday Blitz March 15 Late 2022"]
[White "Janaszak, Dawid"]
[Black "Baches Garcia, Guillermo"]
[WhiteFideId "1119206"]
[BlackFideId "2209764"]
[WhiteElo "2199"]
[BlackElo "2443"]
[Result "1-0"]
[Round "05"]
[TimeControl "180+1"]
[Date "2022.03.16"]
[WhiteClock "0:00:30"]
[BlackClock "0:00:08"]

1. e4 c5 2. Nc3 Nc6 3. Bb5 Nd4 4. Nf3 a6 5. Bd3 Nc6 6. Nd5 e6 7. Ne3 d5 8. exd5 exd5 9. O-O Nf6 10. Re1 Be7 11. Nf5 Bxf5 12. Bxf5 O-O 13. d4 c4 14. c3 h6 15. h3 Bd6 16. Ne5 Qc7 17. f4 Rfe8 18. Be3 Ne4 19. Qc2 Nf6 20. Qf2 Re7 21. g4 Ne4 22. Bxe4 dxe4 23. Nxc4 Nxd4 24. Bxd4 Qxc4 25. f5 f6 26. Rad1 Bc7 27. Bc5 Re5 28. Bd4 Re7 29. b3 Qc6 30. Qe3 Rae8 31. c4 Qd6 32. Re2 Qg3+ 33. Qxg3 Bxg3 34. Bc5 Rc7 35. Bb6 Rce7 36. c5 e3 37. Kg2 Bf4 38. Kf3 Bg5 39. Kg3 Re4 40. Rd7 h5 41. Rxb7 h4+ 42. Kg2 Rd4 43. c6 Rd2 44. Kf3 Rc8 45. c7 Rd7 46. Rb8 1-0


[Site "https://www.chess.com"]

[Event "Titled Tuesday Blitz March 15 Late 2022"]
[White "Jarocka, Liwia"]
[Black "Lehtosaari, Mauri"]
[WhiteFideId "21807558"]
[BlackFideId "501999"]
[WhiteElo "1896"]
[BlackElo "2470"]
[Result "1/2-1/2"]
[Round "05"]
[TimeControl "180+1"]
[Date "2022.03.16"]
[WhiteClock "0:00:16"]
[BlackClock "0:00:05"]

1. d4 d5 2. c4 c6 3. Nc3 Nf6 4. cxd5 cxd5 5. Bg5 Ne4 6. Bd2 Nxd2 7. Qxd2 Nc6 8. Nf3 Bf5 9. e3 e6 10. Bd3 Bxd3 11. Qxd3 Be7 12. O-O O-O 13. a3 Na5 14. Nd2 Rc8 15. Rfc1 Nc4 16. Nxc4 Rxc4 17. Ne2 Qb6 18. b3 Rxc1+ 19. Nxc1 Rc8 20. Ne2 g6 21. h3 Rc6 22. b4 Qc7 23. Qd1 a5 24. bxa5 Qxa5 25. Nc1 Qc3 26. Nd3 Bxa3 27. Ne5 Rc8 28. Rb1 Bd6 29. Ng4 h5 30. Nf6+ Kg7 31. Nd7 Rc7 32. Nb6 Qc2 33. Qxc2 Rxc2 34. Na4 b5 35. Nb2 b4 36. g3 f6 37. Nd3 Rc4 38. Kf1 e5 39. dxe5 fxe5 40. Ke2 e4 41. Ne1 Kf6 42. Kd2 Bc5 43. Nc2 Ke5 44. Na1 d4 45. Nb3 dxe3+ 46. fxe3 Bd6 47. Nd4 Rc3 48. g4 hxg4 49. hxg4 Kd5 50. Ra1 Kc4 51. Ra6 Bc5 52. Rc6 Rd3+ 53. Ke2 Kd5 54. Rc8 Bxd4 55. exd4 Rxd4 56. Rb8 Kc4 57. Ke3 Rd3+ 58. Kxe4 Rg3 59. Kf4 Rg1 60. Rb6 b3 61. Rxg6 b2 62. Rb6 b1=Q 63. Rxb1 Rxb1 64. g5 Rf1+ 65. Ke5 Rg1 66. Kf6 Kd5 67. g6 Kd6 68. g7 Rf1+ 69. Kg6 Rg1+ 70. Kh7 Ke7 71. g8=Q Rxg8 72. Kxg8 1/2-1/2


[Site "https://www.chess.com"]

[Event "Titled Tuesday Blitz March 15 Late 2022"]
[White "Jaskolka, Tomasz"]
[Black "Krasteva, Beloslava"]
[WhiteFideId "1170791"]
[BlackFideId "2922029"]
[WhiteElo "2073"]
[BlackElo "1689"]
[Result "1-0"]
[Round "05"]
[TimeControl "180+1"]
[Date "2022.03.16"]
[WhiteClock "0:00:35"]
[BlackClock "0:00:01"]

1. d4 Nf6 2. Bf4 d5 3. e3 c5 4. c3 Nc6 5. Nd2 Bf5 6. Ngf3 e6 7. Qa4 a6 8. Ne5 Rc8 9. Nxc6 Rxc6 10. Bxa6 Nd7 11. Bxb7 Rb6 12. Bc6 Rxb2 13. Nb3 c4 14. Na5 Bc2 15. Bxd7+ Qxd7 16. Qc6 Ba4 17. Qa8+ Qd8 18. Qa7 Bd7 19. Nb7 Qc8 20. Nd6+ Bxd6 21. Bxd6 f6 22. O-O Kf7 23. Bb4 Rd8 24. a4 Kg8 25. a5 Bc6 26. Qc5 Rd7 27. a6 1-0


[Site "https://www.chess.com"]

[Event "Titled Tuesday Blitz March 15 Late 2022"]
[White "Kamsky, Gata"]
[Black "Sztokbant, Bernardo Vainzoff"]
[WhiteFideId "2000024"]
[BlackFideId "2115956"]
[WhiteElo "2645"]
[BlackElo "2237"]
[Result "1-0"]
[Round "05"]
[TimeControl "180+1"]
[Date "2022.03.16"]
[WhiteClock "0:00:08"]
[BlackClock "0:00:03"]

1. d4 Nf6 2. Nf3 g6 3. c3 Bg7 4. Bg5 d6 5. Nbd2 h6 6. Bh4 Nbd7 7. e4 e5 8. Bd3 O-O 9. O-O Qe8 10. Re1 Nh5 11. Nc4 Nf4 12. Bf1 Nb6 13. dxe5 dxe5 14. Ne3 Be6 15. Qc2 Qc6 16. Nd2 Nd7 17. a4 a6 18. b4 Nf6 19. f3 Rad8 20. Ndc4 g5 21. Nxe5 Qb6 22. Bf2 Qd6 23. N5c4 Qe7 24. e5 Nd7 25. Nf5 Bxf5 26. Qxf5 Qe6 27. Qe4 Rfe8 28. Qxb7 Nxe5 29. Nxe5 Bxe5 30. Qxa6 Rd6 31. Qc4 Qf6 32. g3 Ng6 33. a5 Red8 34. Re3 h5 35. a6 h4 36. a7 Ra8 37. Qe4 Rdd8 38. Re2 Bxc3 39. Ra5 Be5 40. Bh3 Bd6 41. Kg2 hxg3 42. hxg3 Re8 43. Qxe8+ Rxe8 44. Rxe8+ Kg7 45. a8=Q Qb2 46. Ra2 Kh6 47. Rxb2 g4 48. Bxg4 Kg7 49. Qd5 Kf6 50. Bd4+ Be5 51. Bxe5+ Nxe5 52. Qxe5+ Kg6 53. Rg8+ 1-0


[Site "https://www.chess.com"]

[Event "Titled Tuesday Blitz March 15 Late 2022"]
[White "Kashefi, Amir Hosein"]
[Black "Chyngyz, Sultai"]
[WhiteFideId "12557935"]
[BlackFideId "13803158"]
[WhiteElo "2107"]
[BlackElo "1365"]
[Result "1/2-1/2"]
[Round "05"]
[TimeControl "180+1"]
[Date "2022.03.16"]
[WhiteClock "0:00:40"]
[BlackClock "0:00:08"]

1. f4 Nf6 2. Nf3 g6 3. b3 Bg7 4. Bb2 O-O 5. e3 d5 6. Be2 c5 7. O-O Nc6 8. Qc1 Qc7 9. Nc3 a6 10. Nd1 b5 11. Ne5 Bb7 12. Nxc6 Qxc6 13. Be5 c4 14. b4 Nd7 15. Bxg7 Kxg7 16. Bf3 Nf6 17. Nf2 Qd6 18. a3 a5 19. Qb2 axb4 20. axb4 Rxa1 21. Rxa1 Ra8 22. Rxa8 Bxa8 23. Ng4 Kf8 24. Nxf6 exf6 25. h3 Ke7 26. Qd4 Bc6 27. c3 h5 28. Qa7+ Ke6 29. f5+ gxf5 30. Bxh5 Qg3 31. Qxf7+ Kd6 32. Qxf6+ Kc7 33. Qxf5 Qe1+ 34. Kh2 Qxd2 35. Qf4+ Kb7 36. Qd4 Qf2 37. Bf3 Qa2 38. h4 Qc2 39. Bxd5 Qf5 40. Bxc6+ Kxc6 41. Qf4 Qxf4+ 42. exf4 Kd5 43. h5 Ke4 44. h6 Kd3 45. h7 Kxc3 46. h8=Q+ Kxb4 47. Qe5 c3 48. f5 Kb3 49. Qxb5+ Ka2 50. f6 c2 51. Qa4+ Kb2 52. Qb4+ Ka1 53. Qc3+ Ka2 54. Qxc2+ Ka1 55. f7 1/2-1/2


[Site "https://www.chess.com"]

[Event "Titled Tuesday Blitz March 15 Late 2022"]
[White "Khripachenko, Alexander"]
[Black "Alfaro, William"]
[WhiteFideId "54184975"]
[BlackFideId "6100457"]
[WhiteElo "2177"]
[BlackElo "2096"]
[Result "1-0"]
[Round "05"]
[TimeControl "180+1"]
[Date "2022.03.16"]
[WhiteClock "0:01:25"]
[BlackClock "0:00:08"]

1. d4 Nf6 2. c4 g6 3. Nc3 Bg7 4. e4 d6 5. f3 O-O 6. Bg5 h6 7. Be3 c5 8. d5 e5 9. Qd2 Kh7 10. h4 Nh5 11. Nge2 f5 12. O-O-O f4 13. Bf2 Na6 14. Kb1 Bd7 15. Nc1 Rb8 16. Bd3 Nb4 17. Be2 Na6 18. Nd3 Nc7 19. Nxc5 dxc5 20. Bxc5 Ne8 21. Bxa7 Ra8 22. Bc5 Rf6 23. Rhe1 Nd6 24. Bf2 b6 25. Rc1 Qb8 26. Ka1 Bf8 27. Rb1 Qc7 28. b3 Nb7 29. Rec1 Nc5 30. Kb2 Qa7 31. Kc2 Qa3 32. Kd1 Ng3 33. Ke1 g5 34. hxg5 hxg5 35. Bxg3 fxg3 36. Qxg5 Bg7 37. Qxg3 Rh6 38. Kd2 Bf6 39. Rh1 Bg7 40. Kc2 Rh8 41. Rxh6+ Bxh6 42. Qxe5 Rg8 43. g4 Bg5 44. Rh1+ Kg6 45. Qd6+ Kf7 46. Rh7+ Rg7 47. Rxg7+ Kxg7 48. f4 Qb4 49. fxg5 Qxc3+ 50. Kxc3 Nxe4+ 51. Kd4 Nxd6 52. Bd3 Nf7 53. g6 Nd6 54. Ke5 Nb7 55. g5 Nc5 56. Bc2 Bg4 57. b4 Nb7 58. Be4 Bd7 59. d6 Nd8 60. c5 bxc5 61. bxc5 Nc6+ 62. Bxc6 Bxc6 63. Ke6 Kxg6 64. d7 1-0


[Site "https://www.chess.com"]

[Event "Titled Tuesday Blitz March 15 Late 2022"]
[White "Kokoszczynski, Jan"]
[Black "Martin Duque, Jesus"]
[WhiteFideId "1174460"]
[BlackFideId "2208954"]
[WhiteElo "2163"]
[BlackElo "2243"]
[Result "0-1"]
[Round "05"]
[TimeControl "180+1"]
[Date "2022.03.16"]
[WhiteClock "0:00:11"]
[BlackClock "0:00:34"]

1. e4 c5 2. Nf3 a6 3. c3 d5 4. exd5 Nf6 5. d4 Qxd5 6. Be3 e6 7. Be2 Nc6 8. O-O cxd4 9. cxd4 Be7 10. Nc3 Qa5 11. a3 O-O 12. Rc1 Rd8 13. Bd3 e5 14. dxe5 Nxe5 15. Nxe5 Qxe5 16. Qc2 Ng4 17. Rfd1 Qxh2+ 18. Kf1 Nxe3+ 19. fxe3 Qh1+ 20. Kf2 Bh4+ 21. Kf3 Bg4+ 22. Kxg4 h5+ 23. Kf3 Qh2 24. Ne2 g5 25. Bf5 g4+ 26. Bxg4 hxg4+ 27. Kxg4 Bf6 28. Nf4 Qh4+ 29. Kf3 Re8 30. Qf5 Bg5 31. Rh1 Rxe3+ 32. Kxe3 Qg3+ 33. Ke2 Re8+ 34. Kd1 Bxf4 35. Qh7+ Kf8 36. Qh8+ Ke7 37. Qh4+ Qxh4 38. Rxh4 Rd8+ 39. Kc2 Rc8+ 40. Kd3 Bxc1 41. Rb4 Rc7 42. Ke4 b5 43. a4 Rc5 44. axb5 axb5 45. g4 Ke6 46. Rb3 Bg5 47. Kf3 f6 48. Rd3 Rc4 49. Rb3 Rf4+ 50. Kg3 b4 51. Rd3 Re4 52. Kf3 Rf4+ 53. Kg3 Rc4 54. Rb3 Kd5 55. Rd3+ Rd4 56. Rb3 Kc4 57. Rf3 Rd3 58. Kg2 Rxf3 59. b3+ Rxb3 60. Kh1 Rb2 61. Kg1 Rc2 62. Kh1 b3 63. Kg1 b2 64. Kh1 0-1


[Site "https://www.chess.com"]

[Event "Titled Tuesday Blitz March 15 Late 2022"]
[White "Koutlas, Nikolaos"]
[Black "Mohammadian, Mohammad"]
[WhiteFideId "25827138"]
[BlackFideId "12566055"]
[WhiteElo "1610"]
[BlackElo "1544"]
[Result "1-0"]
[Round "05"]
[TimeControl "180+1"]
[Date "2022.03.16"]
[WhiteClock "0:01:10"]
[BlackClock "0:01:18"]

1. Nf3 Nf6 2. g3 g6 3. Bg2 Bg7 4. O-O d5 5. d3 O-O 6. c3 c6 7. Qa4 Nbd7 8. Qh4 e5 9. Bg5 Qb6 10. b3 Qc7 11. Nbd2 Qd6 12. Rad1 Qe6 13. Bh3 Qe7 14. e4 Qd6 15. exd5 cxd5 16. c4 d4 17. Rfe1 Re8 18. Bh6 Qe7 19. Bxg7 Kxg7 20. Nxd4 Nh5 21. Qxh5 gxh5 22. Nf5+ Kf8 23. Nxe7 Rxe7 24. Nf3 Nf6 25. Bxc8 Rxc8 26. Rxe5 Rxe5 27. Nxe5 Re8 28. f4 Ng4 29. Nxg4 hxg4 30. Kf2 f5 31. Re1 Kf7 32. Rxe8 Kxe8 33. Ke3 Ke7 34. d4 Kd6 35. b4 a6 36. d5 h6 37. Kd4 b6 38. c5+ bxc5+ 39. bxc5+ Kd7 40. Ke5 a5 41. c6+ Ke7 42. d6+ Kd8 43. Ke6 a4 44. d7 a3 45. Kd6 h5 46. c7# 1-0


[Site "https://www.chess.com"]

[Event "Titled Tuesday Blitz March 15 Late 2022"]
[White "Kucuksari, Kaan"]
[Black "Vokhidov, Shamsiddin"]
[WhiteFideId "6380166"]
[BlackFideId "14204223"]
[WhiteElo "2305"]
[BlackElo "2611"]
[Result "1-0"]
[Round "05"]
[TimeControl "180+1"]
[Date "2022.03.15"]
[WhiteClock "0:01:39"]
[BlackClock "0:01:45"]

1. d4 Nf6 2. c4 e6 3. g3 c5 4. d5 exd5 5. cxd5 d6 6. Nc3 g6 7. Nf3 Bg7 8. Bg2 O-O 9. O-O Re8 10. Bf4 Bf5 11. Nh4 Bg4 12. h3 Nh5 13. hxg4 Nxf4 14. gxf4 Qxh4 15. e3 Nd7 16. Bf3 Rab8 17. Kg2 b5 18. g5 b4 19. Ne4 Bxb2 20. Rb1 Bg7 21. Rh1 Qxh1+ 22. Qxh1 Rb6 23. Qh3 Nf8 24. Nf6+ Bxf6 25. gxf6 h5 26. Bxh5 gxh5 27. Qxh5 Nh7 28. Rh1 1-0


[Site "https://www.chess.com"]

[Event "Titled Tuesday Blitz March 15 Late 2022"]
[White "Kujawski, Adam"]
[Black "Perez Leiva, Jerzy Jesus"]
[WhiteFideId "1100920"]
[BlackFideId "3524337"]
[WhiteElo "2053"]
[BlackElo "2261"]
[Result "0-1"]
[Round "05"]
[TimeControl "180+1"]
[Date "2022.03.16"]
[WhiteClock "0:00:09"]
[BlackClock "0:00:28"]

1. e4 c6 2. d4 d5 3. Nc3 dxe4 4. Nxe4 Nf6 5. Nxf6+ exf6 6. Bc4 Bd6 7. Qe2+ Be7 8. Be3 O-O 9. O-O-O Na6 10. d5 cxd5 11. Bxd5 Qa5 12. Kb1 Bf5 13. Bb3 Rfe8 14. Nf3 Bc5 15. Nd4 Bg6 16. h4 h5 17. Rhe1 Bb4 18. Rh1 Bf8 19. Qb5 Qc7 20. a3 Nc5 21. Ba2 Rac8 22. g4 Re5 23. Nf3 Bxc2+ 24. Kxc2 Ne4+ 25. Kb1 Rxb5 26. gxh5 Nc3+ 27. Ka1 Nxd1 28. Rxd1 Rxb2 29. Kxb2 Qc2+ 30. Ka1 Qxd1+ 0-1


[Site "https://www.chess.com"]

[Event "Titled Tuesday Blitz March 15 Late 2022"]
[White "Le Goff, Ronan"]
[Black "Golubev, Mikhail"]
[WhiteFideId "612073"]
[BlackFideId "14100983"]
[WhiteElo "2276"]
[BlackElo "2374"]
[Result "1/2-1/2"]
[Round "05"]
[TimeControl "180+1"]
[Date "2022.03.16"]
[WhiteClock "0:00:34"]
[BlackClock "0:00:05"]

1. d4 Nf6 2. Nf3 d6 3. Nc3 Nbd7 4. e4 e5 5. Bc4 Be7 6. a4 O-O 7. a5 c6 8. O-O Rb8 9. h3 b5 10. axb6 axb6 11. dxe5 dxe5 12. Qe2 b5 13. Bb3 Qc7 14. Bg5 h6 15. Bxf6 Bxf6 16. Qe3 Qb6 17. Qxb6 Rxb6 18. Ra7 Nc5 19. Nd2 Bg5 20. Rd1 b4 21. Ncb1 Nxb3 22. Nxb3 Rb5 23. Rd6 Be6 24. N1d2 c5 25. Nf3 Bf6 26. Rc6 c4 27. Nc5 Rc8 28. Rxc8+ Bxc8 29. Rc7 Rb8 30. Nd7 Bd8 31. Ra7 Rb7 32. Rxb7 Bxb7 33. Ndxe5 Bxe4 34. Nxc4 Bxc2 35. Ne3 b3 36. Nd4 Bf6 37. Ndxc2 bxc2 38. Nxc2 Bxb2 39. Ne3 Bf6 40. Nd5 Bd8 41. g3 f6 42. Kg2 Kf7 43. Kf3 f5 44. h4 g6 45. Nf4 h5 46. Nd5 Ke6 47. Nf4+ Kf7 48. Nd3 Bc7 49. Ke2 Bd6 50. Nb2 Ke6 51. Nc4 Bc7 52. Kd3 Kd5 53. Ne3+ Ke6 54. Kc4 Bb6 55. Nd1 Ba7 56. f3 Ke5 57. Kd3 f4 58. g4 hxg4 59. fxg4 f3 60. h5 gxh5 61. gxh5 Kf5 62. Nc3 Kg5 63. Ne4+ Kxh5 64. Nd2 Kg4 65. Nxf3 1/2-1/2


[Site "https://www.chess.com"]

[Event "Titled Tuesday Blitz March 15 Late 2022"]
[White "Lewicki, Miroslaw"]
[Black "Babazada, Khazar"]
[WhiteFideId "1113380"]
[BlackFideId "13413554"]
[WhiteElo "2283"]
[BlackElo "2418"]
[Result "0-1"]
[Round "05"]
[TimeControl "180+1"]
[Date "2022.03.15"]
[WhiteClock "0:00:01"]
[BlackClock "0:00:10"]

1. g3 Nf6 2. Bg2 g6 3. Nf3 Bg7 4. O-O b6 5. c4 Bb7 6. d4 Kf8 7. Nc3 d6 8. Re1 Nbd7 9. e4 e5 10. dxe5 dxe5 11. Qc2 Kg8 12. b3 h6 13. Bb2 Kh7 14. Rad1 Qc8 15. Bh3 Re8 16. Re2 Bc6 17. Red2 a5 18. Nb5 Bxe4 19. Qc3 Bf5 20. Bxf5 gxf5 21. Nh4 Ne4 22. Qf3 Nxd2 23. Rxd2 Nf8 24. Nxf5 Ng6 25. h4 Rb8 26. h5 Nf8 27. Qe4 Qb7 28. Rd5 Kh8 29. Nxg7 Kxg7 30. Bxe5+ f6 31. Qg4+ Kf7 32. Bf4 Qc8 33. Qf3 Qh3 34. Be3 Nd7 35. Nxc7 Ne5 36. Qe4 f5 37. Qd4 Nf3# 0-1


[Site "https://www.chess.com"]

[Event "Titled Tuesday Blitz March 15 Late 2022"]
[White "Ljukin, Sergei"]
[Black "Yeshchenko, Uliana"]
[WhiteFideId "14102200"]
[BlackFideId "14187272"]
[WhiteElo "2312"]
[BlackElo "1881"]
[Result "1-0"]
[Round "05"]
[TimeControl "180+1"]
[Date "2022.03.16"]
[WhiteClock "0:01:31"]
[BlackClock "0:00:03"]

1. e4 c5 2. Nf3 Nc6 3. d4 cxd4 4. Nxd4 Nf6 5. Nc3 e5 6. Ndb5 d6 7. Nd5 Nxd5 8. exd5 Nb8 9. a4 Be7 10. Be2 a6 11. Na3 O-O 12. O-O Nd7 13. Be3 f5 14. f4 Nf6 15. Nc4 e4 16. a5 Rb8 17. Nb6 Bd7 18. c4 Ne8 19. b4 Bf6 20. Rc1 Nc7 21. c5 Bb5 22. cxd6 Na8 23. Bxb5 axb5 24. Bc5 Rf7 25. Nxa8 Rxa8 26. Qe2 Qd7 27. Bb6 Qxd6 28. Qxb5 Rd7 29. Rcd1 Rc8 30. Bc5 Qc7 31. d6 Qc6 32. Qc4+ Kh8 33. Qe6 Rcd8 34. Qxf5 e3 35. Rfe1 Re8 36. Qd3 Qe4 37. Qxe4 Rxe4 38. Rxe3 Rxe3 39. Bxe3 Kg8 40. Bc5 Kf7 41. Re1 h6 42. Kf2 g6 43. Kf3 h5 44. g3 Bc3 45. Re4 Bf6 46. h3 g5 47. f5 Kg7 48. Re6 Kf7 49. Ke4 g4 50. hxg4 hxg4 51. b5 Rd8 52. a6 bxa6 53. bxa6 Ra8 54. a7 Rd8 55. Kd5 Ra8 56. Kc6 1-0


[Site "https://www.chess.com"]

[Event "Titled Tuesday Blitz March 15 Late 2022"]
[White "Lysyj, Igor"]
[Black "Weber, Samuel"]
[WhiteFideId "4150120"]
[BlackFideId "12924008"]
[WhiteElo "2611"]
[BlackElo "2215"]
[Result "1-0"]
[Round "05"]
[TimeControl "180+1"]
[Date "2022.03.15"]
[WhiteClock "0:02:01"]
[BlackClock "0:00:11"]

1. d4 Nf6 2. c4 e6 3. Nf3 a6 4. Nc3 d5 5. cxd5 exd5 6. Bg5 c6 7. e3 Bg4 8. Qb3 Bc8 9. Bd3 Be7 10. O-O O-O 11. Qc2 h6 12. Bf4 Nbd7 13. h3 Re8 14. Bh2 Nf8 15. Ne5 Bd6 16. f4 c5 17. Kh1 c4 18. Be2 g6 19. g4 b5 20. a3 Bb7 21. Bf3 Rb8 22. Qg2 Ba8 23. g5 hxg5 24. fxg5 N6h7 25. Bxd5 Bxd5 26. Nxd5 Qxg5 27. Nf6+ Qxf6 28. Rxf6 Nxf6 29. Rf1 Bxe5 30. Bxe5 N6d7 31. Bxb8 Rxb8 32. Qd5 1-0


[Site "https://www.chess.com"]

[Event "Titled Tuesday Blitz March 15 Late 2022"]
[White "Mangialardo, Tiago Carvalho"]
[Black "Ladan, Nicholas"]
[WhiteFideId "2130718"]
[BlackFideId "30918855"]
[WhiteElo "2082"]
[BlackElo "2167"]
[Result "0-1"]
[Round "05"]
[TimeControl "180+1"]
[Date "2022.03.16"]
[WhiteClock "0:00:05"]
[BlackClock "0:01:20"]

1. e4 e5 2. Nf3 Nc6 3. Bb5 a6 4. Ba4 g6 5. d4 exd4 6. Nxd4 b5 7. Nxc6 dxc6 8. Qxd8+ Kxd8 9. Bb3 Ke8 10. Bf4 Bd6 11. e5 Bc5 12. Nd2 Bf5 13. h3 h5 14. g3 Ne7 15. f3 Nd5 16. Bg5 Be7 17. Bxe7 Kxe7 18. O-O-O a5 19. g4 Be6 20. c4 Nb4 21. a3 Nd3+ 22. Kc2 Nxe5 23. Rhe1 Nd7 24. cxb5 cxb5 25. Bxe6 fxe6 26. Ne4 hxg4 27. hxg4 Rh2+ 28. Kb1 b4 29. Ng5 Ra6 30. Rd4 bxa3 31. Rde4 Rxb2+ 32. Ka1 Nc5 0-1


[Site "https://www.chess.com"]

[Event "Titled Tuesday Blitz March 15 Late 2022"]
[White "Manukyan, Sargis A."]
[Black "Fishbein, Alexander"]
[WhiteFideId "13303970"]
[BlackFideId "2000377"]
[WhiteElo "2187"]
[BlackElo "2442"]
[Result "1-0"]
[Round "05"]
[TimeControl "180+1"]
[Date "2022.03.16"]
[WhiteClock "0:00:28"]
[BlackClock "0:00:01"]

1. d4 Nf6 2. c4 g6 3. Nc3 Bg7 4. Nf3 O-O 5. h3 d6 6. Bf4 Bf5 7. e3 Re8 8. Be2 Nc6 9. O-O e5 10. dxe5 dxe5 11. Bh2 Ne4 12. Nxe4 Bxe4 13. Nd2 Bd3 14. Nb3 Bxe2 15. Qxe2 Qe7 16. Rfd1 a5 17. Nd2 a4 18. Rac1 f5 19. Nb1 Rad8 20. Nc3 a3 21. b3 Qf7 22. Nd5 Rd6 23. Kh1 Red8 24. e4 f4 25. f3 g5 26. Bg1 h5 27. Bc5 Rh6 28. Bxa3 Ra8 29. Bb2 Rxa2 30. Ra1 Rxa1 31. Rxa1 Kh7 32. b4 Nd8 33. b5 Ne6 34. Ra7 g4 35. fxg4 hxg4 36. Qxg4 Nc5 37. Qf5+ Qg6 38. Qxg6+ Rxg6 39. Nxc7 Nxe4 40. Rxb7 f3 41. gxf3 Nf2+ 42. Kh2 Nd3 43. Ne8 Kh6 44. Rxg7 Re6 45. Rg2 Rxe8 46. Rd2 Nf4 47. b6 Kg6 48. c5 Rb8 49. Bxe5 Kf5 50. Bxb8 1-0


[Site "https://www.chess.com"]

[Event "Titled Tuesday Blitz March 15 Late 2022"]
[White "Marson, Juan Miguel"]
[Black "Zhou, Qiyu"]
[WhiteFideId "106585"]
[BlackFideId "505161"]
[WhiteElo "2053"]
[BlackElo "1925"]
[Result "1/2-1/2"]
[Round "05"]
[TimeControl "180+1"]
[Date "2022.03.16"]
[WhiteClock "0:00:17"]
[BlackClock "0:00:12"]

1. e4 e5 2. Nf3 Nc6 3. Bb5 a6 4. Ba4 Bc5 5. O-O b5 6. Bb3 Nf6 7. d3 O-O 8. c3 Bb6 9. h3 d6 10. a4 Rb8 11. Nbd2 h6 12. Re1 Kh7 13. Nf1 Be6 14. Be3 Qe7 15. Bxb6 Rxb6 16. Ne3 Rfb8 17. axb5 axb5 18. Bd5 Nd8 19. b4 c6 20. Bb3 R6b7 21. Ra6 Ra7 22. Rxa7 Qxa7 23. Qc2 Ra8 24. Bxe6 Nxe6 25. Nf5 Ne8 26. d4 exd4 27. N5xd4 Qa2 28. Qxa2 Rxa2 29. Nxc6 Rc2 30. Re3 N8c7 31. Ncd4 Rc1+ 32. Re1 Nxd4 33. cxd4 Rc4 34. Rb1 Ne6 35. e5 Nxd4 36. Nxd4 Rxd4 37. exd6 Rxd6 38. Kf1 Rd2 39. Rb3 Kg6 40. Rg3+ Kf6 41. Rf3+ Ke6 42. Re3+ Kf6 43. Rc3 Rb2 44. Rc6+ Ke7 45. Rc7+ Ke8 46. Rc8+ Ke7 47. Rc7+ Kf6 48. Rc6+ Ke7 49. Rc7+ 1/2-1/2


[Site "https://www.chess.com"]

[Event "Titled Tuesday Blitz March 15 Late 2022"]
[White "Martin Barcelo, Carles"]
[Black "Magallanes, Rey Jomar"]
[WhiteFideId "24561444"]
[BlackFideId "5205948"]
[WhiteElo "1875"]
[BlackElo "2231"]
[Result "1-0"]
[Round "05"]
[TimeControl "180+1"]
[Date "2022.03.16"]
[WhiteClock "0:00:08"]
[BlackClock "0:00:14"]

1. e4 c5 2. Nf3 d6 3. Bb5+ Bd7 4. Bxd7+ Qxd7 5. O-O Nf6 6. Re1 Nc6 7. c3 e6 8. d4 cxd4 9. cxd4 Be7 10. Nc3 O-O 11. b3 a6 12. Bb2 Rac8 13. Qd2 d5 14. e5 Ne8 15. h4 b5 16. g3 f6 17. exf6 Nxf6 18. Kg2 b4 19. Na4 Qb7 20. Rxe6 Ne4 21. Qe3 Qd7 22. Rxe4 dxe4 23. Qxe4 Rce8 24. d5 Nd8 25. Rd1 Nf7 26. Nb6 Qc7 27. Nc4 Bc5 28. Qd3 Nh6 29. Rd2 Ng4 30. Ng5 g6 31. Ne6 Qc8 32. Nxf8 Rxf8 33. f3 Nf2 34. Rxf2 Bxf2 35. Kxf2 Qh3 36. Qd4 Qh2+ 37. Ke3 Re8+ 38. Ne5 Qg1+ 39. Kd3 Qd1+ 40. Ke4 Qb1+ 41. Ke3 Qg1+ 42. Kd3 Qf1+ 43. Kd2 Qg2+ 44. Kd3 Qf1+ 45. Ke4 Qe2+ 46. Kf4 g5+ 47. hxg5 Rxe5 48. Qxe5 Qxe5+ 49. Bxe5 Kf8 50. Kf5 Ke8 51. g4 h6 52. f4 h5 53. gxh5 Kf8 54. h6 Kg8 55. h7+ Kxh7 56. g6+ Kg8 57. Kg5 Kf8 58. f5 Kg8 59. f6 Kf8 60. Bd6+ Kg8 61. f7+ Kg7 62. f8=Q# 1-0


[Site "https://www.chess.com"]

[Event "Titled Tuesday Blitz March 15 Late 2022"]
[White "Matinian, Nikita"]
[Black "Xiong, Jeffery"]
[WhiteFideId "24129100"]
[BlackFideId "2047640"]
[WhiteElo "2422"]
[BlackElo "2727"]
[Result "0-1"]
[Round "05"]
[TimeControl "180+1"]
[Date "2022.03.15"]
[WhiteClock "0:00:03"]
[BlackClock "0:00:26"]

1. e4 c6 2. Nc3 d5 3. Nf3 g6 4. d4 Bg7 5. Bd3 Bg4 6. e5 Nd7 7. h3 Bxf3 8. Qxf3 e6 9. Ne2 Ne7 10. h4 h5 11. Bg5 Qb6 12. O-O-O c5 13. c3 Nc6 14. Kb1 O-O 15. g4 cxd4 16. cxd4 Nxd4 17. Nxd4 Qxd4 18. gxh5 Nxe5 19. Qe2 Nxd3 20. Rxd3 Qe4 21. Qxe4 dxe4 22. Rg3 Kh7 23. hxg6+ fxg6 24. h5 Rxf2 25. hxg6+ Kg8 26. Bc1 Rc8 27. Re1 b6 28. a3 Bf6 29. Rg4 Rcc2 30. Rgxe4 Bxb2 31. Be3 Rg2 32. Rxe6 Bc3 33. Rf1 Rb2+ 34. Kc1 Ra2 35. Re8+ Kg7 36. Re7+ Kxg6 37. Re6+ Kh7 38. Re7+ Bg7 0-1


[Site "https://www.chess.com"]

[Event "Titled Tuesday Blitz March 15 Late 2022"]
[White "Matlakov, Maxim"]
[Black "Lazavik, Denis"]
[WhiteFideId "4168003"]
[BlackFideId "13515110"]
[WhiteElo "2669"]
[BlackElo "2437"]
[Result "1-0"]
[Round "05"]
[TimeControl "180+1"]
[Date "2022.03.15"]
[WhiteClock "0:00:14"]
[BlackClock "0:00:03"]

1. d4 d5 2. c4 c6 3. Nf3 Nf6 4. Qc2 g6 5. e3 Bf5 6. Qb3 Qb6 7. Nc3 Bg7 8. Be2 O-O 9. O-O Nbd7 10. h3 dxc4 11. Bxc4 Qxb3 12. Bxb3 c5 13. Rd1 Rad8 14. g4 Be4 15. Ng5 c4 16. Bxc4 Bc6 17. Nxf7 Rxf7 18. Bxf7+ Kxf7 19. d5 Nxd5 20. Nxd5 Nc5 21. Nc3 Rc8 22. f3 b5 23. e4 b4 24. Ne2 Bb5 25. Nd4 Bd3 26. Be3 Rd8 27. Rac1 Bxd4 28. Bxd4 Be2 29. Rd2 Nd3 30. Rc7 Rxd4 31. Rxe2 Nf4 32. Rec2 Nxh3+ 33. Kg2 Nf4+ 34. Kf2 g5 35. Rxa7 Rd3 36. Rb7 Rd4 37. a4 bxa3 38. bxa3 Ra4 39. Ra2 Nd3+ 40. Ke3 Ne5 41. Rb4 Ra6 42. a4 Rf6 43. Rf2 Rd6 44. Rd4 Rb6 45. Rd5 Rb3+ 46. Kd4 Nxf3+ 47. Kc4 Re3 48. Rf5+ 1-0


[Site "https://www.chess.com"]